 Dungeon Crawl Stone Soup version 0.17-a0-2122-g03d97ec (webtiles) character file.

120 tp1 the Conjurer (level 4, -7/24 HPs)
             Began as a Deep Elf Conjurer on Oct 21, 2015.
             Was an Initiate of Vehumet.
             Killed from afar by an orc wizard (11 damage)
             ... with a puff of flame
             ... on level 3 of the Dungeon.
             The game lasted 00:14:42 (3489 turns).

tp1 the Conjurer (Deep Elf Conjurer)                Turns: 3489, Time: 00:14:42

Health: -7/24      AC:  3    Str:  5    XL:     4   Next: 75%
Magic:  9/12       EV: 14    Int: 21    God:    Vehumet [......]
Gold:   76         SH:  0    Dex: 15    Spells: 1 memorised, 11 levels left

rFire  . . .     SeeInvis .     d - +0 short sword
rCold  . . .     Clarity  .     a - +0 robe
rNeg   . . .     SustAt   .     (no shield)
rPois  .         Gourm    .     (no helmet)
rElec  .         Spirit   .     (no cloak)
rCorr  .         Warding  .     (no gloves)
rMut   .         Stasis   .     o - +0 pair of boots
MR     .....                    (no amulet)
Stlth  ++........               (no ring)
                                (no ring)

@: not resistant to hostile enchantments, unstealthy
A: no striking features
a: Renounce Religion


You were on level 3 of the Dungeon.
You worshipped Vehumet.
Vehumet was noncommittal.
You were not hungry.

You visited 1 branch of the dungeon, and saw 3 of its levels.

You collected 76 gold pieces.

Inventory:

Hand Weapons
 d - a +0 short sword (weapon)
Armour
 a - a +0 robe (worn)
 o - a +0 pair of boots (worn)
Scrolls
 e - a scroll of remove curse {unknown}
 i - a scroll of fear {unknown}
 k - a scroll of identify {unknown}
 n - a scroll of immolation {unknown}
 p - 2 scrolls of teleportation {unknown}
Potions
 f - a potion of ambrosia {unknown}
 g - a potion of lignification {unknown}
 h - 2 potions of curing {unknown}
 l - a potion of might {unknown}
Books
 b - a book of Conjurations

   Spells                             Type                      Level
   a - Magic Dart                     Conjuration                  1
   b - Searing Ray                    Conjuration                  2
   c - Dazzling Spray                 Conjuration/Hexes            3
   d - Fulminant Prism                Conjuration/Hexes            4
   e - Iskenderun's Mystic Blast      Conjuration                  4
   f - Iskenderun's Battlesphere      Conjuration/Charms           5
Comestibles
 c - 2 bread rations
 j - a meat ration
 m - a chunk of flesh


   Skills:
 - Level 4.0 Dodging
 - Level 2.4 Stealth
 + Level 4.8 Spellcasting
 - Level 5.1 Conjurations


You had 11 spell levels left.
You knew the following spells:

 Your Spells              Type           Power        Failure   Level  Hunger
a - Magic Dart            Conj           ####         1%          1    None


Dungeon Overview and Level Annotations

Branches:
Dungeon (3/15)

Altars:
Vehumet


Message History

The orc warrior is lightly wounded.
The orc wizard casts a spell.
The orc wizard seems to speed up.
An orc comes into view. It is wielding a short sword.
The orc wizard casts a spell at you. The puff of flame hits you!
You open the door.
The orc shouts!
The orc warrior hits you from afar with a trident!
Ouch! That really hurt!
* * * LOW HITPOINT WARNING * * *
There is an open door here.
You see here a quokka corpse.
The orc wizard gestures wildly while chanting.
The orc wizard flickers and vanishes!
Deactivating autopickup; reactivate with Ctrl-A.
The orc warrior misses you.
A puff of flame appears from out of thin air!
The puff of flame hits you!
You die...

#.##.....#.# #..'.....#.#
####.....#.# #####.#.# #.#.#
#.#.# #.#.# #### #.#.# #...
#@#.# #... #.#.####### #...
#############.......... +...
#..............o###########...
##+#..................o..†.'...
#.....###########...########...
#.....# #.............'...
#(....# #.#############...
#.....########.# ####


You could see an orc warrior.

Vanquished Creatures
  4 adders
  3 oozes
  2 worms
  3 giant geckos
  An orc (D:3)
  4 giant cockroaches
  10 hobgoblins
  2 jackals (D:2)
  3 kobolds (D:1)
  6 bats
  2 giant newts
  12 goblins
  3 quokkas
  7 rats
62 creatures vanquished.

Notes
Turn   | Place    | Note
--------------------------------------------------------------
     0 | D:1      | tp1 the Deep Elf Conjurer began the quest for the Orb.
     0 | D:1      | Reached XP level 1. HP: 10/10 MP: 6/6
   140 | D:1      | Reached XP level 2. HP: 15/15 MP: 1/8
   802 | D:1      | Reached XP level 3. HP: 19/19 MP: 7/9
  1258 | D:2      | Found a radiant altar of Vehumet.
  1276 | D:2      | Became a worshipper of Vehumet
  1590 | D:2      | Reached skill level 5 in Conjurations
  1747 | D:2      | Reached XP level 4. HP: 24/24 MP: 7/11
  2924 | D:2      | Found a radiant altar of Vehumet.
  3466 | D:3      | Noticed an orc warrior
  3489 | D:3      | Killed from afar by an orc wizard

Vault maps used:
D:1:      saegor_arrival_simple_d
D:2:      lemuel_crystal_altar

Action                   |  1- 3 |  4- 6 || total
-------------------------+-------+-------++-------
Melee: Short sword       |     9 |       ||     9
 Cast: Magic Dart        |    80 |    53 ||   133
  Eat: Chunk             |     2 |     2 ||     4
       Bread ration      |       |     1 ||     1
